 Dungeon Crawl Stone Soup version 0.24-a0-784-g601f8f6d22 (webtiles) character file.

Game seed: 2838267671726124881, levelgen mode: deterministic

31 Gargoyl the Skirmisher (level 3, -11/33 HPs)
             Began as a Centaur Abyssal Knight on Oct 9, 2019.
             Was a Follower of Lugonu.
             Killed from afar by a revenant (37 damage)
             ... with a ghostly fireball
             ... on level 2 of the Abyss.
             The game lasted 00:00:30 (118 turns).

Gargoyl the Skirmisher (Centaur Abyssal Knight)      Turns: 118, Time: 00:00:31

Health: -11/33     AC:  7    Str: 14    XL:     3   Next: 7%
Magic:  4/4        EV:  4    Int: 11    God:    Lugonu [*.....]
Gold:   72         SH:  0    Dex:  9    Spells: 2/2 levels left

rFire    . . .     SeeInvis .   a - +1 hand axe
rCold    . . .     Gourm    .   (no shield)
rNeg     . . .     Faith    .   d - +0 chain mail
rPois    .         Spirit   .   (no helmet)
rElec    .         Reflect  .   (no cloak)
rCorr    .         Harm     .   (no gloves)
MR       .....                  (no barding)
Stlth    ..........             (no amulet)
HPRegen  0.11/turn              (no ring)
MPRegen  0.09/turn              (no ring)

@: drained, very quick
A: large, hooves 3, deformed body, speed 2, tough skin 3
a: Depart the Abyss, Renounce Religion


You were on level 2 of the Abyss.
You worshipped Lugonu.
Lugonu was aware of your devotion.
You were not hungry.

You visited 0 branches of the dungeon, and saw 0 of its levels.
You visited the Abyss 1 time.

You collected 72 gold pieces.

Inventory:

Hand Weapons
 a - a +1 hand axe (weapon)
Armour
 b - a +0 leather armour
 d - a +0 chain mail (worn)
Miscellaneous
 e - a lightning rod (2/4)
Comestibles
 c - a ration


   Skills:
 + Level 3.7(3.0) Fighting
 + Level 2.0(1.3) Axes
 + Level 1.7(1.1) Armour
 + Level 0.7(0.1) Dodging
 + Level 2.1(1.5) Invocations


You had 2 spell levels left.
You didn't know any spells.
Your spell library was empty.

Dungeon Overview and Level Annotations

Branches:
Dungeon (0/15)

Altars:


Innate Abilities, Weirdness & Mutations

You have hooves in place of feet.
Armour fits poorly on your strangely shaped body.
You cover ground very quickly.
You have extremely tough skin. (AC +3)


Message History

You kill the quasit!
You feel your dexterity returning.
Your lightning rod (4/4) has regained one charge.
Your Axes skill increases to level 2!
You have reached level 2!
You have reached level 3!
Your experience leads to an increase in your attributes!
Increase (S)trength, (I)ntelligence, or (D)exterity?
You feel agile.
The substance of the Abyss twists violently, and a gateway leading out appears!
Aiming: Thunderbolt
Press: ? - help, Shift-Dir - straight line, f - revenant
Aim: a revenant The thunderbolt hits the revenant!!
The revenant is moderately damaged.
The revenant lashes out with ghostly flames.
The ghostly flame explodes!
The ghostly fireball engulfs you!!!
You feel drained.
Ouch! That really hurt!
You die...

# ### . #.## .##
#..##...§ . ##..#.#.#
. ......#.# ..
#.##......###.#
#.#.@### .. .## .
#..§#§##.# # .....
#..#L##.##.#.. .#
....#..#..#...#..#....
#.###.##......#..#(#
... .. #..##......
#... #.....#...
.....#.##.
..≈...#...... .......
≈≈≈≈ #.......#..#.#...


You could see a revenant.

Vanquished Creatures
  A quasit (Abyss:2)
1 creature vanquished.

Notes
Turn   | Place    | Note
-------+----------+-------------------------------------------
     0 | Abyss:1  | Gargoyl the Centaur Abyssal Knight began the quest for the
                  | Orb.
     0 | Abyss:1  | Reached XP level 1. HP: 19/19 MP: 2/2
   106 | Abyss:2  | Noticed a revenant
   106 | Abyss:2  | Noticed a quasit
   115 | Abyss:2  | Killed a quasit
   115 | Abyss:2  | Reached XP level 2. HP: 21/27 MP: 3/3
   115 | Abyss:2  | Reached XP level 3. HP: 26/33 MP: 4/4
   118 | Abyss:2  | Killed from afar by a revenant

Levels and vault maps discovered:
Abyss:2

Skill      XL: |  1 |
---------------+----+-----
Axes           | 2 |  2.0
Fighting       | |  3.7
Armour         | |  1.7
Dodging        | |  0.7
Invocations    | |  2.1

Action                   || total
-------------------------++-------
Melee: Hand axe          ||     1
Evoke: Lightning rod     ||     3
  Use: Scroll            ||     2
Armor: Chain mail        ||    19
Dodge: Dodged            ||     2

Table legend:
 A = Non-vault XP
 B = Vault XP
 C = Vault XP percentage of total XP
 D = Non-vault monster count
 E = Vault monster count
 F = Vault count percentage of total count
                 A         B        C        D         E       F
            +---------+---------+-------+---------+---------+-------
      Total |      45 |       0 |   0.0 |       1 |       0 |   0.0
            +---------+---------+-------+---------+---------+-------
    Abyss:2 |      45 |       0 |   0.0 |       1 |       0 |   0.0
            +---------+---------+-------+---------+---------+-------
